 Dungeon Crawl Stone Soup version 0.31-a0-986-g5e6e4ef867 (webtiles) character file.

Game seed: 7704522574585150977

2 porpoise the Vexing (level 1, -1/13 HPs)
             Began as a Demonspawn Enchanter on Nov 11, 2023.
             Slain by a hobgoblin (5 damage)
             ... on level 1 of the Dungeon.
             The game lasted 00:00:35 (84 turns).

porpoise the Vexing (Demonspawn Enchanter)            Turns: 84, Time: 00:00:35

Health: -1/13      AC:  2    Str:  8    XL:     1   Next: 33%
Magic:  3/3        EV: 12    Int: 16    God:
Gold:   9          SH:  0    Dex: 13    Spells: 4/4 levels left

rFire   . . .        a - +1 dagger
rCold   . . .        (no shield)
rNeg    . . .        b - +0 robe
rPois   .            (no helmet)
rElec   .            (no cloak)
rCorr   .            (no gloves)
SInv    .            (no boots)
Will    .....        (no amulet)
Stlth   ++           (no ring)
HPRegen 0.22/turn    (no ring)
MPRegen 0.08/turn

%: no passive effects
@: no status effects
A: no striking features
a: no special abilities


You were on level 1 of the Dungeon.
You visited 1 branch of the dungeon, and saw 1 of its levels.

You collected 9 gold pieces.

Inventory:

Hand Weapons
 a - a +1 dagger (weapon)
Armour
 b - a +0 robe (worn)
Potions
 c - 2 potions of invisibility


   Skills:
 + Level 1.0 Short Blades
 - Level 1.7 Dodging
 - Level 2.6 Stealth
 + Level 2.0 Spellcasting
 + Level 3.0 Hexes


You had 4 spell levels left.
You didn't know any spells.
Your spell library contained the following spells:

 Spells                   Type           Power      Damage    Failure   Level
 Ensorcelled Hibernation  Hex/Ice        12%        N/A       17%         2
 Confusing Touch          Hex            11%        N/A       17%         3
 Tukima's Dance           Hex            11%        N/A       17%         3
 Dazzling Flash           Conj/Hex       12%        N/A       32%         3


Dungeon Overview and Level Annotations

Branches:
Dungeon (1/15)

Altars:


Message History

Your Short Blades skill increases to level 1!
A hobgoblin and a bat come into view.
Found a robe.
A dart slug comes into view.
The hobgoblin shouts!
The hobgoblin hits you.
You hit the hobgoblin but do no damage. The bat hits you but does no damage.
The hobgoblin barely misses you.
A ball python comes into view.
The bat hits you. The bat hits you but does no damage.
The bat hits you but does no damage.
The hobgoblin attacks as it pursues you!
The hobgoblin closely misses you. The bat attacks as it pursues you!
The bat hits you but does no damage. The bat closely misses you.
The hobgoblin attacks as it pursues you!
The hobgoblin barely misses you. The bat misses you.
The hobgoblin barely misses you.
You barely miss the hobgoblin. The hobgoblin hits you.
You closely miss the hobgoblin. The bat hits you but does no damage.
The hobgoblin hits you. The hobgoblin misses you.
You are too injured to fight recklessly!
You are too injured to fight recklessly!
You hit the hobgoblin.
The hobgoblin is lightly wounded.
The bat closely misses you. The hobgoblin barely misses you. x2
The ball python hisses angrily.
You hit the hobgoblin but do no damage.
The hobgoblin is lightly wounded.
The bat closely misses you. The hobgoblin barely misses you.
You hit the hobgoblin.
The hobgoblin is severely wounded.
The bat hits you but does no damage. The hobgoblin hits you.
The hobgoblin completely misses you.
You barely miss the hobgoblin.
The hobgoblin is severely wounded.
The bat barely misses you. The hobgoblin barely misses you.
The hobgoblin hits you.
You die...

#.#............
##.#...........:
..........##...#
............#...#
..........†......#
............##...#.
..........b.##.....
#.####.#..[......#
#.#...@.....# .
..#..gg.....# .. ..
#...###S..#...
#.!w..........
#.............
#........w....
#......S......
#...............
###.............


You could see a dart slug, 2 hobgoblins, a bat and a ball python.

Vanquished Creatures
  An endoplasm (D:1)
  2 bats (D:1)
3 creatures vanquished.

Notes
Turn   | Place    | Note
-------+----------+-------------------------------------------
     0 | D:1      | porpoise the Demonspawn Enchanter began the quest for the
                  | Orb.
     0 | D:1      | Reached XP level 1. HP: 13/13 MP: 3/3
    67 | D:1      | Reached skill level 1 in Short Blades
    84 | D:1      | Slain by a hobgoblin

Illustrated notes

Levels and vault maps discovered:
D:1:      dpeg_arrival_boxes_within_box, layout_basic, serial_curves,
          eino_curves_02, eino_curves_02, minmay_crystal_room, hex_tiny

Skill      XL: |  1 |
---------------+----+-----
Short Blades   | 1 |  1.0
Dodging        | |  1.7
Stealth        | |  2.6
Spellcasting   | |  2.0
Hexes          | |  3.0

Action                     || total
---------------------------++-------
  Melee: Dagger            ||    19
   Stab: Sleeping          ||     1
 Armour: Robe              ||    23
  Dodge: Dodged            ||    26

Table legend: (Time is in decaauts)
 A = Elapsed time spent in this place.
 B = Non-inter-level travel time spent in this place.
 C = Inter-level travel time spent in this place.
 D = Time resting spent in this place.
 E = Time spent auto-exploring this place.
 F = Levels seen in this place.
 G = Mean time per level.
                   A        B        C        D        E       F      G
               +--------+--------+--------+--------+--------+-----+--------+
         Total |     83 |     83 |      0 |      0 |     32 |   1 |   83.0 |
       Dungeon |     83 |     83 |      0 |      0 |     32 |   1 |   83.0 |
               +--------+--------+--------+--------+--------+-----+--------+

Top non-repeatable levels by time:
     D:1: 83 daAuts
